 Dungeon Crawl Stone Soup version 0.30.1-11-g7821555f0a (webtiles) character file.

Game seed: 17094827234705773559

49 Arctor the Shield-Bearer (level 4, -1/35 HPs)
             Began as a Human Fighter on Jan 14, 2024.
             Slain by an iguana (4 damage)
             ... on level 4 of the Dungeon.
             The game lasted 00:01:19 (939 turns).

Arctor the Shield-Bearer (Human Fighter)             Turns: 939, Time: 00:01:20

Health: -1/35      AC: 11    Str: 18    XL:     4   Next: 2%
Magic:  4/4        EV:  5    Int:  9    God:
Gold:   40         SH:  4    Dex: 12    Spells: 3/3 levels left

rFire   + . .        a - +0 war axe
rCold   . . .        c - +0 buckler
rNeg    . . .        l - +0 plate armour
rPois   .            (no helmet)
rElec   .            (no cloak)
rCorr   .            (no gloves)
SInv    .            (no boots)
Will    .....        (no amulet) Stlth
                     i - ring of protection from fire
HPRegen 0.25/turn    (no ring)
MPRegen 0.09/turn

%: no passive effects
@: no status effects
A: no striking features
a: no special abilities


You were on level 4 of the Dungeon.
You visited 1 branch of the dungeon, and saw 4 of its levels.

You collected 40 gold pieces.

Inventory:

Hand Weapons
 a - a +0 war axe (weapon)
Missiles
 k - 4 silver javelins (quivered)
Armour
 b - a +0 scale mail
 c - a +0 buckler (worn)
 l - a +0 plate armour (worn)
Jewellery
 i - a ring of protection from fire (left hand)
Scrolls
 e - a scroll of blinking {unknown}
 f - a scroll of enchant armour {unknown}
 h - a scroll of magic mapping {unknown}
 j - a scroll of identify {unknown}
 m - a scroll of vulnerability {unknown}
Potions
 d - a potion of might
 g - 4 potions of curing {unknown}


   Skills:
 + Level 3.4 Fighting
 + Level 2.5 Axes
 + Level 3.4 Armour
 + Level 3.4 Shields


You had 3 spell levels left.
You didn't know any spells.
Your spell library was empty.

Dungeon Overview and Level Annotations

Branches:
Dungeon (5/15)
 Temple: D:4-7

Altars:


Message History

The kobold hits you with a +0 dagger.
You closely miss the kobold.
The kobold is severely wounded.
The kobold hits you but does no damage. You block the kobold's attack.
You closely miss the kobold.
The kobold is severely wounded.
The kobold barely misses you.
Found a leather armour.
The kobold hits you with a +0 dagger.
You slash the kobold!
You kill the kobold!
The iguana hisses angrily.
Found a runed scarf.
You closely miss the iguana. The iguana barely misses you.
The iguana bites you.
You hit the iguana.
The iguana is lightly wounded.
The iguana bites you!
You slash the iguana!
The iguana is almost dead.
The iguana barely misses you. The iguana closely misses you.
You hit the iguana.
The iguana is almost dead.
The iguana bites you.
You hit the iguana but do no damage.
The iguana is almost dead.
The iguana bites you but does no damage.
The iguana bites you.
You closely miss the iguana.
The iguana is almost dead.
The iguana barely misses you.
You closely miss the iguana.
The iguana is almost dead.
The iguana bites you!
* * * LOW HITPOINT WARNING * * *
The iguana bites you.
* * * LOW HITPOINT WARNING * * *
You barely miss the iguana.
The iguana is almost dead.
The iguana bites you.
You die...

. ..........# ....
##.........#.
.....#...........[
..................
.....##...).......
.........>........
.......##.........
.......#..........
......l@..........
.[.........<......
................#.
....#...........#
... .##..........
.. .# ##.........
. .. ......... ..
.......


You could see an iguana.

Vanquished Creatures
  An adder (D:5)
  A dart slug (D:1)
  5 endoplasms
  3 giant cockroaches
  5 goblins (D:1)
  2 hobgoblins (D:1)
  2 jackals (D:4)
  A quokka (D:1)
  2 ball pythons
  A bat (D:1)
  2 frilled lizards
  6 kobolds
  5 rats
36 creatures vanquished.

Notes
Turn   | Place    | Note
-------+----------+-------------------------------------------
     0 | D:1      | Arctor the Human Fighter began the quest for the Orb.
     0 | D:1      | Reached XP level 1. HP: 18/18 MP: 1/1
   162 | D:1      | Reached XP level 2. HP: 24/24 MP: 2/2
   596 | D:1      | Reached XP level 3. HP: 29/29 MP: 3/3
   860 | D:2      | You fall into a shaft and drop 2 floors!
   897 | D:4      | Noticed an ogre
   909 | D:5      | Entered Level 5 of the Dungeon
   924 | D:4      | Reached XP level 4. HP: 35/35 MP: 4/4
   939 | D:4      | Slain by an iguana

Illustrated notes

Levels and vault maps discovered:
D:1:      eino_arrival_water_cross, layout_loops_cross
D:2:      layout_loops_ring
D:4:      layout_cave_pools, minmay_distorted
D:5:      layout_loops_cross, general_overflow_altar,
          minmay_temple_entry_stoned_glass

Action                     |  1- 3 |  4- 6 || total
---------------------------+-------+-------++-------
  Melee: War axe           |   103 |    12 ||   115
 Armour: Scale mail        |    49 |       ||    49
         Plate armour      |    21 |     2 ||    23
  Dodge: Dodged            |    32 |     5 ||    37
  Block: Buckler           |    20 |     1 ||    21
